 Dungeon Crawl Stone Soup version 0.25-a0-578-gc91f01c39c (webtiles) character file.

Game seed: 17873765468098131875, levelgen mode: deterministic

4122 Irikuri the Carver (level 10, 0/86 HPs)
             Began as a Minotaur Monk on Feb 26, 2020.
             Was an Elder of Qazlal.
             Slain by a spiny frog (6 damage)
             ... on level 1 of the Lair of Beasts on Mar 3, 2020.
             The game lasted 00:49:34 (5136 turns).

Irikuri the Carver (Minotaur Monk)                  Turns: 5136, Time: 00:49:35

Health: 0/86       AC:  9    Str: 20    XL:     10   Next: 6%
Magic:  11/11      EV: 13    Int: 10    God:    Qazlal [****..]
Gold:   248        SH: 14    Dex: 12    Spells: 12/12 levels left

rFire    . . .     SeeInvis .   s - +3 long sword
rCold    . . .     Gourm    .   f - +3 buckler
rNeg     . . .     Faith    .   e - +0 scale mail
rPois    .         Spirit   .   u - +2 hat {Int+3}
rElec    .         Reflect  .   (no cloak)
rCorr    .         Harm     .   (no gloves)
MR       .....                  (no boots)
Stlth    +.........             (no amulet)
HPRegen  0.24/turn              (no ring)
MPRegen  0.12/turn              (no ring)

@: repel missiles
A: retaliatory headbutt, horns 2
a: Upheaval, Elemental Force, Renounce Religion


You were on level 1 of the Lair of Beasts.
You worshipped Qazlal.
Qazlal was greatly pleased with you.
You were not hungry.

You visited 3 branches of the dungeon, and saw 10 of its levels.

You collected 248 gold pieces.

Inventory:

Hand Weapons
 a - a +1 falchion
 h - a +0 dagger
 j - a +0 hunting sling
 m - a +2 short sword of draining
 s - a +3 long sword (weapon)
 v - the +0 short sword "Undertaker" {speed, +Fly rN+ Int+4 Stlth-}
   (You found it on level 7 of the Dungeon)

   Attacks with this weapon are significantly faster.
   It affects your intelligence (+4).
   It protects you from negative energy.
   It lets you fly.
   It makes you less stealthy.
 w - a +0 dagger
 y - a +0 lajatang
 A - a +0 flail
 B - a +0 rapier
Missiles
 g - a throwing net (quivered)
Armour
 b - a +0 robe
 e - a +0 scale mail (worn)
 f - a +3 buckler (worn)
 l - a +0 ring mail
 p - a +0 robe of magic resistance
 r - a +0 chain mail
 u - a +2 hat of intelligence (worn)
Jewellery
 C - an uncursed ring of protection from fire {unknown}
Scrolls
 i - a scroll of blinking
 n - 3 scrolls of enchant armour
 o - 3 scrolls of identify
 q - 4 scrolls of remove curse
 z - a scroll of magic mapping
Potions
 k - 2 potions of curing
 t - 2 potions of heal wounds
 x - a potion of ambrosia
Comestibles
 c - 11 rations


   Skills:
 + Level 7.6 Fighting
 + Level 3.1(6.4) Short Blades
 + Level 9.5(9.8) Long Blades
 + Level 2.7 Throwing
 + Level 4.9 Armour
 + Level 6.5 Dodging
 + Level 3.6 Stealth
 + Level 8.5 Shields
 + Level 3.0 Unarmed Combat
 - Level 1.7 Spellcasting
 + Level 1.1 Invocations
 + Level 0.2 Evocations


You had 12 spell levels left.
You didn't know any spells.
Your spell library contained the following spells:

 Spells                   Type           Power        Failure   Level  Hunger
 Corona                   Hex            #......      65%         1    ##.....
 Ensorcelled Hibernation  Hex/Ice        #.....       78%         2    ###....
 Confusing Touch          Hex            #.......     95%         3    ####...
 Dazzling Flash           Conj/Hex       #.....       95%         3    ####...
 Tukima's Dance           Hex            #.......     95%         3    ####...


Dungeon Overview and Level Annotations

Branches:
Dungeon (8/15)             Temple (1/1) D:5            Lair (1/6) D:8

Altars:
Ashenzari
Cheibriados
Dithmenos
Elyvilon
Fedhas
Gozag
Hepliaklqana
Kikubaaqudgha
Makhleb
Nemelex Xobeh
Okawaru
Qazlal
Ru
Sif Muna
Trog
Uskayaw
Vehumet
Wu Jian
Xom
Yredelemnul
Zin
The Shining One


Innate Abilities, Weirdness & Mutations

You reflexively headbutt those who attack you in melee.
You have a pair of horns on your head.


Message History

You block the water moccasin's attack.
All of the chunks of flesh in your inventory have rotted away.
You block the blink frog's attack. The water moccasin barely misses you.
You miss the blink frog. You block the blink frog's attack.
You block the water moccasin's attack. The blink frog barely misses you.
You furiously retaliate!
You headbutt the blink frog. You closely miss the blink frog.
The blink frog is lightly wounded.
You block the water moccasin's attack.
You completely miss the spiny frog. Your headbutt misses the spiny frog.
The spiny frog is lightly wounded.
The water moccasin bites you.
* * * LOW HITPOINT WARNING * * *
You closely miss the spiny frog.
The spiny frog is lightly wounded.
You block the water moccasin's attack.
You miss the blink frog.
The blink frog is lightly wounded.
The spiny frog stings you.
You die...

.......#### ..##.
... #..?...##.....
.... #...$.........
.... #(YY.YF.......
.....#F.#.#Yl#...#.
.....#..###k## ..#
....#...###S# ..#
.....#lF.##D# ..
.......YY#F@#.... .
.........##F#....
.....#.Y...Y°...
...P##........##
....##...##...P# .
... #....P#....# ..
.. #.>..%.....##...
.#...............
......>............


You could see a seven-headed hydra, a komodo dragon, 3 yaks, a spiny frog, 2
blink frogs, a rime drake and a water moccasin.

Vanquished Creatures
  The ghost of Gruesome the Stinger, a novice OpVM (D:6)
  A blink frog (Lair:1)
  A hippogriff (D:8)
  A spriggan (D:7)
  2 yaks (D:8)
  2 porcupines (D:8)
  An ice beast (D:8)
  2 black bears (D:8)
  An orc warrior (D:7)
  2 ogres
  A phantom (D:8)
  A centaur (D:5)
  9 bullfrogs
  A water moccasin skeleton (D:7)
  2 scorpions (D:8)
  3 wights (D:8)
  A howler monkey (D:4)
  A bullfrog zombie (D:5)
  5 hounds
  3 gnoll shamans
  2 orc priests (D:8)
  A centaur skeleton (D:6)
  2 jellies
  5 orc wizards
  A bullfrog skeleton (D:4)
  4 iguanas
  Natasha (twice) (D:2)
  6 worker ants
  A hound skeleton (D:4)
  A worker ant zombie (D:7)
  7 adders
  12 gnolls
  5 shadow imps
  3 dart slugs
  4 leopard geckos
  28 orcs
  5 ball pythons
  5 bats
  2 giant cockroaches
  5 hobgoblins
  11 jackals
  6 kobolds
  3 quokkas
  5 goblins
  6 rats
  A withered plant (D:6)
174 creatures vanquished.

Vanquished Creatures (others)
  30 fungi (D:8)
  6 plants (D:8)
36 creatures vanquished.

Grand Total: 210 creatures vanquished

Notes
Turn   | Place    | Note
-------+----------+-------------------------------------------
     0 | D:1      | Irikuri the Minotaur Monk began the quest for the Orb.
     0 | D:1      | Reached XP level 1. HP: 19/19 MP: 0/0
   157 | D:1      | Reached XP level 2. HP: 27/27 MP: 1/1
   450 | D:2      | Reached skill level 4 in Long Blades
   565 | D:2      | Found a sparkling altar of Nemelex Xobeh.
   595 | D:2      | Reached skill level 5 in Fighting
   595 | D:2      | Reached skill level 5 in Long Blades
   595 | D:2      | Reached skill level 1 in Spellcasting
   595 | D:2      | Reached XP level 3. HP: 34/36 MP: 1/4
   620 | D:2      | Noticed Natasha
   625 | D:2      | Killed Natasha
   625 | D:2      | Reached XP level 4. HP: 42/42 MP: 3/5
   642 | D:2      | Noticed Natasha
   657 | D:2      | Killed Natasha
   942 | D:3      | Found an ornate altar of the Wu Jian Council.
   942 | D:3      | Found a stormy altar of Qazlal.
   951 | D:3      | Became a worshipper of Qazlal Stormbringer
   951 | D:3      | Reached * piety under Qazlal
   951 | D:3      | Reached ** piety under Qazlal
   981 | D:3      | Reached XP level 5. HP: 22/49 MP: 2/6
  1065 | D:3      | Reached skill level 6 in Long Blades
  1065 | D:3      | Reached skill level 5 in Dodging
  1272 | D:3      | Noticed an ogre
  1281 | D:3      | Killed an ogre
  1281 | D:3      | Reached XP level 6. HP: 43/57 MP: 7/7
  1777 | D:4      | Reached XP level 7. HP: 57/62 MP: 8/8
  1940 | D:4      | Reached skill level 7 in Long Blades
  2070 | D:4      | Reached *** piety under Qazlal
  2136 | D:5      | Entered Level 5 of the Dungeon
  2168 | D:5      | Reached skill level 1 in Short Blades
  2357 | D:5      | Reached skill level 5 in Shields
  2385 | D:5      | Upgraded the game from 0.25-a0-565-g8875c97ebb to
                  | 0.25-a0-578-gc91f01c39c
  2599 | D:5      | Found a staircase to the Ecumenical Temple.
  2618 | Temple   | Entered the Ecumenical Temple
  3189 | D:6      | Reached skill level 1 in Invocations
  3189 | D:6      | Reached XP level 8. HP: 65/70 MP: 9/9
  3247 | D:6      | You fall into a shaft and drop 2 floors!
  3669 | D:7      | Reached XP level 9. HP: 73/78 MP: 10/10
  3695 | D:7      | Reached **** piety under Qazlal
  3695 | D:7      | Reached skill level 8 in Long Blades
  3706 | D:7      | Found a burning altar of Makhleb.
  3778 | D:7      | Got a polished short sword
  3785 | D:7      | Identified the cursed +0 short sword "Undertaker" {speed,
                  | +Fly rN+ Int+4 Stlth-} (You found it on level 7 of the
                  | Dungeon)
  3807 | D:7      | Found a shimmering blue altar of Sif Muna.
  3867 | D:6      | Found a runed translucent door.
  3896 | D:6      | Noticed Gruesome's ghost (novice OpVM)
  3920 | D:6      | Killed Gruesome's ghost
  4342 | D:6      | Found an ancient bone altar of Kikubaaqudgha.
  4593 | D:7      | Found a stormy altar of Qazlal.
  4805 | D:8      | Reached skill level 9 in Long Blades
  4894 | D:8      | Reached XP level 10. HP: 52/86 MP: 11/11
  5076 | D:8      | Found a staircase to the Lair.
  5098 | Lair:1   | Entered Level 1 of the Lair of Beasts
  5098 | Lair:1   | Noticed a four-headed hydra
  5100 | Lair:1   | Noticed a spiny frog
  5136 | Lair:1   | Slain by a spiny frog

Levels and vault maps discovered:
D:1:      dpeg_arrival_pits, layout_basic, minmay_misc_feat_hallway,
          minmay_misc_feat_secret_circle
D:2:      layout_loops_cross, nemelex_xobeh_ov_fountains_minmay,
          minmay_misc_feat_pillars, uniq_natasha
D:3:      lemuel_castle_with_subvaults [lemuel_castle_interior_carwin_2],
          layout_basic, gammafunk_temple_overflow_statue, first_ration
D:4:      minmay_bubble_buster, layout_gridville, portal_sewer_entry_b
D:5:      minmay_diamond_boxcup, layout_basic, temple_green
D:6:      layout_loops_ring, kiku_gazebo_garden_becter, ebering_ghost_sewer_d,
          small_statue_intersection, roderic_filled_cross
D:7:      layout_basic, lemuel_crystal_altar, basic_altar, the_bakery,
          nicolae_qazlal_general_emergency
D:8:      layout_basic, due_lair_maze_entry_diamond
Temple:   minmay_temple_bridge_d
Lair:1:   kb_forest_paths, layout_gridlike

Skill      XL: |  1  2  3  4  5  6  7  8  9 |
---------------+----------------------------+-----
Long Blades    | 5 6 7 9 |  9.5
Fighting       | 5 6 7 |  7.6
Throwing       | 2 |  2.7
Armour         | 3 4 |  4.9
Dodging        | 4 5 6 |  6.5
Stealth        | 3 |  3.6
Shields        | 3 4 5 7 8 |  8.5
Unarmed Combat | 3 |  3.0
Spellcasting   | 1 |  1.7
Short Blades   | 1 3 |  3.1
Invocations    | 1 |  1.1
Evocations     | |  0.2

Action                   |  1- 3 |  4- 6 |  7- 9 | 10-12 || total
-------------------------+-------+-------+-------+-------++-------
Melee: Falchion          |    21 |   106 |       |       ||   127
       Headbutt          |     4 |    16 |    89 |     2 ||   111
       Short sword       |       |    14 |   124 |       ||   138
       Long sword        |       |       |   233 |    11 ||   244
Invok: Upheaval          |       |     3 |     3 |       ||     6
 Abil: Evoke Flight      |       |       |     1 |       ||     1
  Use: Potion            |     2 |     2 |     5 |       ||     9
       Scroll            |       |     6 |     6 |     1 ||    13
 Stab: Sleeping          |     1 |     1 |       |       ||     2
       Invisible         |       |       |     1 |       ||     1
  Eat: Chunk             |       |     3 |     4 |       ||     7
       Ration            |       |       |     2 |       ||     2
Armor: Robe              |     3 |     8 |       |       ||    11
       Chain mail        |       |       |    18 |       ||    18
       Scale mail        |       |       |    45 |     7 ||    52
Dodge: Dodged            |    18 |    61 |    92 |    16 ||   187
Block: Buckler           |     2 |    57 |   200 |    25 ||   284
       Rpst.: Falchion   |     3 |    14 |       |       ||    17
       Long sword        |       |       |    17 |     1 ||    18

Table legend:
 A = Non-vault XP
 B = Vault XP
 C = Vault XP percentage of total XP
 D = Non-vault monster count
 E = Vault monster count
 F = Vault count percentage of total count
                 A         B        C        D         E       F
            +---------+---------+-------+---------+---------+-------
      Total |    3261 |    2586 |  44.2 |     132 |      41 |  23.7
            +---------+---------+-------+---------+---------+-------
        D:1 |      21 |       0 |   0.0 |      11 |       0 |   0.0
        D:2 |      64 |      35 |  35.4 |      11 |       1 |   8.3
        D:3 |     130 |     335 |  72.0 |      20 |      19 |  48.7
        D:4 |     213 |     127 |  37.4 |      10 |       6 |  37.5
        D:5 |     354 |       0 |   0.0 |      14 |       0 |   0.0
        D:6 |     411 |     530 |  56.3 |      13 |       4 |  23.5
        D:7 |     541 |     229 |  29.7 |      14 |       1 |   6.7
        D:8 |    1263 |    1330 |  51.3 |      38 |      10 |  20.8
     Lair:1 |     264 |       0 |   0.0 |       1 |       0 |   0.0
            +---------+---------+-------+---------+---------+-------
